 Dungeon Crawl Stone Soup version 0.25-a0-424-g80bd347ae0 (webtiles) character file.

Game seed: 7889613422274627199, levelgen mode: deterministic

304 Kohma the Cutter (level 6, -2/38 HPs)
             Began as a Halfling Artificer on Jan 23, 2020.
             Killed from afar by an orc wizard (7 damage)
             ... with a puff of flame
             ... on level 3 of the Dungeon.
             The game lasted 00:08:23 (2723 turns).

Kohma the Cutter (Halfling Artificer)               Turns: 2723, Time: 00:08:24

Health: -2/38      AC:  5    Str: 14    XL:     6   Next: 66%
Magic:  9/9        EV: 15    Int:  9    God:
Gold:   165        SH:  0    Dex: 16    Spells: 5/5 levels left

rFire    . . .     SeeInvis .   h - +1 dagger (elec)
rCold    . . .     Gourm    .   (shield restricted)
rNeg     . . .     Faith    .   r - +0 ring mail
rPois    .         Spirit   .   (no helmet)
rElec    .         Reflect  .   (no cloak)
rCorr    .         Harm     .   (no gloves)
MR       .....                  (no boots)
Stlth    +.........             (no amulet)
HPRegen  0.12/turn              (no ring)
MPRegen  0.11/turn              (no ring)

@: no status effects
A: small, mutation resistance 1
a: no special abilities


You were on level 3 of the Dungeon.
You were not hungry.

You visited 1 branch of the dungeon, and saw 3 of its levels.

You collected 165 gold pieces.

Inventory:

Hand Weapons
 a - a +2 short sword of venom
 h - a +1 dagger of electrocution (weapon)
 o - a +6 short sword
Missiles
 z - 16 poisoned darts (quivered)
Armour
 b - a +0 leather armour
 r - a +0 ring mail (worn)
 w - a +0 plate armour
Jewellery
 m - a +4 ring of intelligence {unknown}
 s - an uncursed amulet of faith
Wands
 d - a wand of enslavement (15)
 e - a wand of random effects (13)
Scrolls
 c - 3 scrolls of enchant armour {unknown}
 g - 3 scrolls of remove curse {unknown}
 i - 2 scrolls of identify {unknown}
 j - a scroll of fear {unknown}
 k - 2 scrolls of magic mapping {unknown}
 q - a scroll of blinking {unknown}
 t - a scroll of random uselessness {unknown}
 x - a scroll of amnesia {unknown}
 y - 2 scrolls of teleportation {unknown}
Potions
 l - a potion of berserk rage {unknown}
 n - 2 potions of curing {unknown}
 u - a potion of flight {unknown}
 v - a potion of heal wounds {unknown}
Comestibles
 f - 9 rations
 p - 2 chunks of flesh


   Skills:
 - Level 1.0 Fighting
 * Level 5.3 Short Blades
 - Level 4.0 Dodging
 - Level 1.1 Stealth
 + Level 4.2 Evocations


You had 5 spell levels left.
You didn't know any spells.
Your spell library was empty.

Dungeon Overview and Level Annotations

Branches:
Dungeon (3/15)

Altars:


Innate Abilities, Weirdness & Mutations

You are small and have problems with some larger weapons.
You are somewhat resistant to further mutation.


Message History

You hear some strange, mumbled words.
A puff of frost appears from out of thin air!
The puff of frost hits you! The orc hits you with a +0 falchion!
* * * LOW HITPOINT WARNING * * *
You hit the orc. Lightning courses through the orc!!
You kill the orc!
Okay, then.
You hit something but do no damage. Something hits you but does no damage.
You hit something.
You hear some strange, mumbled words.
A puff of flame appears from out of thin air!
The puff of flame hits you.
* * * LOW HITPOINT WARNING * * *
Something hits you but does no damage.
You closely miss something. Something hits you but does no damage.
You miss something.
You hear some strange, mumbled words.
A puff of flame appears from out of thin air!
The puff of flame hits you!
You die...

#.#.##.........)
#.......##......
###.##..########
#.......# ###
###.#.#.#### ...
#.#......# ##.#
#.###.##.#
#..{######.....##.##
#..)@.....######...#
#...#)....# #...#
###.......# #...#
#.......######...##
#.......##.........
..>.................
#......##.##.........
#.#....##.#####....#.
#.#..... .# #....#.


There were no monsters in sight!

Vanquished Creatures
  An ogre (D:3)
  A scorpion (D:3)
  Terence (D:2)
  6 adders (D:2)
  3 worms
  3 dart slugs
  5 leopard geckos
  3 orcs (D:3)
  A ball python (D:2)
  4 giant cockroaches
  13 goblins
  7 hobgoblins
  2 jackals (D:2)
  4 kobolds
  4 bats
  A frilled lizard (D:1)
  6 rats
65 creatures vanquished.

Notes
Turn   | Place    | Note
-------+----------+-------------------------------------------
     0 | D:1      | Kohma the Halfling Artificer began the quest for the Orb.
     0 | D:1      | Reached XP level 1. HP: 12/12 MP: 3/3
    27 | D:1      | Reached skill level 1 in Fighting
   557 | D:1      | Reached XP level 2. HP: 18/18 MP: 4/4
   586 | D:1      | Reached skill level 2 in Short Blades
   818 | D:1      | Reached XP level 3. HP: 23/23 MP: 5/5
  1257 | D:2      | Reached skill level 3 in Short Blades
  1281 | D:2      | Reached XP level 4. HP: 25/28 MP: 6/6
  1644 | D:2      | Noticed Terence
  1652 | D:2      | Killed Terence
  1652 | D:2      | Reached XP level 5. HP: 30/33 MP: 7/7
  1796 | D:2      | Reached skill level 4 in Short Blades
  2064 | D:3      | Noticed an ogre
  2074 | D:3      | Killed an ogre
  2074 | D:3      | Reached XP level 6. HP: 38/38 MP: 7/9
  2274 | D:3      | Reached skill level 5 in Short Blades
  2723 | D:3      | Killed from afar by an orc wizard

Levels and vault maps discovered:
D:1:      minmay_arrival_plants_in_alcoves, layout_loops_ring, minmay_quantized
D:2:      layout_rooms, first_ration, corexii_item_surrounded_by_moat,
          minmay_bisected, uniq_terence
D:3:      layout_loops_cross, uniq_sigmund

Skill      XL: |  1  2  3  4  5  6 |
---------------+-------------------+-----
Fighting       | 1 |  1.0
Short Blades   | 2 3 4 5 |  5.3
Dodging        | 3 4 |  4.0
Evocations     | 4 |  4.2
Stealth        | |  1.1

Action                   |  1- 3 |  4- 6 || total
-------------------------+-------+-------++-------
Melee: Short sword       |    11 |    14 ||    25
       Dagger            |    42 |   143 ||   185
Evoke: Wand              |     9 |     8 ||    17
 Stab: Sleeping          |     1 |     1 ||     2
  Eat: Chunk             |     1 |     5 ||     6
Armor: Leather armour    |    10 |     9 ||    19
       Ring mail         |       |    13 ||    13
Dodge: Dodged            |    32 |    96 ||   128

Table legend:
 A = Non-vault XP
 B = Vault XP
 C = Vault XP percentage of total XP
 D = Non-vault monster count
 E = Vault monster count
 F = Vault count percentage of total count
                 A         B        C        D         E       F
            +---------+---------+-------+---------+---------+-------
      Total |     361 |      74 |  17.0 |      56 |       9 |  13.8
            +---------+---------+-------+---------+---------+-------
        D:1 |      23 |       9 |  28.1 |      12 |       5 |  29.4
        D:2 |      98 |      65 |  39.9 |      25 |       4 |  13.8
        D:3 |     240 |       0 |   0.0 |      19 |       0 |   0.0
            +---------+---------+-------+---------+---------+-------
